 Dungeon Crawl Stone Soup version 0.29.0-4-gdea44cf6ec (webtiles) character file.

Game seed: 2520364239671289904

147613 qw the Slayer (level 16, -4/167 HPs)
             Began as a Minotaur Berserker on Sept 10, 2022.
             Was an Elder of Trog.
             Succumbed to a nagaraja's poison arrow
             ... on level 1 of the Snake Pit.
             The game lasted 00:11:25 (37380 turns).

qw the Slayer (Minotaur Berserker)                 Turns: 37380, Time: 00:11:26

Health: -4/167     AC: 29    Str: 29    XL:     16   Next: 92%
Magic:  15/15      EV: 16    Int:  2    God:    Trog [****..]
Gold:   1325       SH:  5    Dex: 13    Spells: 15/15 levels left

rFire   . . .      SeeInvis .   q - +0 war axe (vamp)
rCold   . . .      Faith    .   (no shield)
rNeg    . . .      Spirit   .   s - +4 plate armour
rPois   .          Reflect  +   (helmet restricted)
rElec   .          Harm     .   b - +0 cloak {rPois}
rCorr   .          Rampage  .   h - +0 pair of gloves
Will    +....                   l - +1 pair of boots
Stlth   ..........              r - amulet of reflection
HPRegen 0.37/turn               a - +4 ring of evasion
MPRegen 0.14/turn               (no ring)

@: lethally poisoned (-4 -> -102), about to teleport, poison vulnerable, on
berserk cooldown, slowed, very slow
A: horns 2, retaliatory headbutt, thin skeletal structure 1, dopey 1
a: Renounce Religion, Berserk, Trog's Hand, Brothers in Arms


You were on level 1 of the Snake Pit.
You worshipped Trog.
Trog was greatly pleased with you.
You visited 5 branches of the dungeon, and saw 26 of its levels.
You also visited: Gauntlet.

You collected 2251 gold pieces.
You spent 926 gold pieces at shops.


Innate Abilities, Weirdness & Mutations

You have a pair of horns on your head.
You reflexively headbutt those who attack you in melee.
You have a somewhat thin skeletal structure. (Dex +2, Stealth+)
You are dopey. (Int -2)


   Skills:
 - Level 21.0 Fighting
 - Level 16.0 Axes
 - Level 12.0 Throwing
 + Level 19.8 Armour
 - Level 10.0 Dodging


You had 15 spell levels left.
You didn't know any spells.
Your spell library was empty.

Inventory:

Hand Weapons
 d - a +1 morningstar of protection
 q - a +0 vampiric war axe (weapon)
Missiles
 g - 5 javelins (quivered)
 j - 19 boomerangs
 p - 2 silver boomerangs
 t - a silver javelin
 v - 3 boomerangs of dispersal
Armour
 b - a +0 cloak of poison resistance (worn)
 e - a +0 kite shield of reflection
 h - a +0 pair of gloves (worn)
 i - a +2 cloak
 l - a +1 pair of boots (worn)
 s - a +4 plate armour (worn)
Jewellery
 a - a +4 ring of evasion (left hand)
 n - a ring of fire
 r - an amulet of reflection (around neck)
Scrolls
 f - 23 scrolls of identify
 m - a scroll of teleportation
Potions
 c - 7 potions of haste
 k - 3 potions of mutation
 o - 2 potions of might
 u - a potion of cancellation
 w - a potion of curing

Dungeon Overview and Level Annotations

Branches:
Dungeon (15/15)            Temple (0/1) D:7            Lair (5/5) D:11
  Swamp (3/4) Lair:3        Snake (1/4) Lair:2        Slime (0/5) Lair:5
    Orc (2/2) D:11            Elf (0/3) Orc:2        Vaults (0/5) D:13
 Depths (0/4) D:15        Gauntlet (visited)

Altars:
Ashenzari
Dithmenos
Fedhas
Hepliaklqana
Makhleb
Okawaru
Yredelemnul
Zin
Jiyva

Shops:
D:1 ?   D:6 *   Orc:2 *:[*(

Portals:
Abyss: D:8

Annotations:
D:1 1 transporter
D:8 2 transporters, qw's ghost, novice DsCA
D:15 3 runed translucent doors, Boahovan's ghost, journeyman DsGl; Jiecrehi's ghost, journeyman DDFi
Snake:1 1 runed translucent door, qw's ghost, adept MiBe


Message History

You are more poisoned.
You slice the naga ritualist!!
You feel better.
The naga ritualist is severely wounded.
You feel extremely sick.
The naga ritualist prays to its god.
The naga ritualist begins to radiate toxic energy.
You are more poisoned.
The naga ritualist mumbles some strange prayers to its god against you.
You feel yourself grow more vulnerable to poison.
The nagaraja spits poison at you. The splash of poison misses you.
The splash of poison misses the naga ritualist.
You slash the naga ritualist!
You feel better.
Your headbutt misses the naga ritualist.
The naga ritualist is almost dead.
You are no longer berserk.
You are exhausted.
You feel yourself slow down.
You feel very sick.
You are more poisoned.
You hit the naga ritualist.
The naga ritualist is almost dead.
You feel extremely sick.
You are more poisoned.
The nagaraja casts a spell at you. The bolt of poison hits you!!
You are more poisoned.
The bolt of poison hits the naga ritualist!
The naga ritualist dies!
The naga ritualist mumbles some strange prayers to its god.
The naga ritualist begins to radiate toxic energy.
You are more poisoned.
The naga ritualist mumbles some strange prayers to its god against you.
You resist with some effort.
The nagaraja gestures at you while chanting.
The poison arrow hits you!!
You are more poisoned.
37380 ||| READING 2 scrolls of teleportation.
As you read the scroll of teleportation, it crumbles to dust.
You feel strangely unstable.
You die...

#)...#...#............### #......
#....################## #...#..
##...# ####### ##...### ##..#
###.....### #....# #..##
##.........## #.#### #...#
##...........## ### ###.#.#
#.............# #.## ....#..#
......)))......##..#### ....##..#
####@#### #.#.>..## ....# ###
###.......### #.#......
###.#######.....NN....###.#...###
#...##..')))............).#####
#...##.####....N......###.#
#....^.## ###..!....### #..#
###.....# ####'#### #..# #....?##
.... ##.# #.....## ..... ##


You could see a nagaraja (fast) and 2 naga ritualists.

Vanquished Creatures
  Nikola (Swamp:3)
  Kirke (Swamp:1)
  4 thorn hunters
  Donald (Snake:1)
  A nagaraja (Snake:1)
  An orc warlord (Orc:2)
  2 bunyips
  2 eleionomae
  A minotaur (Gauntlet)
  A blizzard demon (Gauntlet)
  Josephine (D:15)
  2 shambling mangroves (Swamp:2)
  2 fire dragons
  4 boulder beetles
  2 ghost crabs (Swamp:2)
  A spriggan air mage (Swamp:3)
  Erica (D:8)
  3 ogre magi
  6 centaur warriors
  8 hydras
  2 anacondas
  16 two-headed ogres
  3 death yaks (Lair:4)
  11 alligators
  A vampire mage (D:15)
  2 naga sharpshooters (Snake:1)
  2 orc high priests
  2 spriggans (Swamp:3)
  A shock serpent (Snake:1)
  Sonja (Lair:4)
  A golden dragon zombie (D:15)
  3 salamander mystics (Snake:1)
  7 skeletal warriors
  4 swamp dragons
  4 goliath frogs
  A spriggan druid (Swamp:2)
  3 bog bodies (Swamp:1)
  A deep elf archer (D:13)
  2 naga ritualists (Snake:1)
  A lindwurm (shapeshifter) (D:15)
  6 deep elf pyromancers
  4 orc knights
  2 necromancers
  A wolf spider (Lair:5)
  2 mana vipers (Snake:1)
  2 oklob plants
  11 ugly things
  7 cyclopes
  A frost giant zombie (D:15)
  4 orc sorcerers
  2 manticores (D:14)
  3 salamanders (Snake:1)
  9 elephants
  A cyclops (shapeshifter) (D:15)
  12 black mambas
  3 naga magi (Snake:1)
  Maggie (D:8)
  3 torpor snails
  7 cane toads
  A cane toad (shapeshifter) (D:15)
  A gargoyle (D:11)
  3 unseen horrors
  4 rime drakes
  6 kobold demonologists
  An efreet (D:13)
  An ice devil (Gauntlet)
  3 komodo dragons
  3 yaktaurs (D:13)
  A guardian mummy (D:15)
  3 meliai (D:13)
  A bloated husk (Swamp:1)
  6 trolls
  8 blink frogs
  2 tyrant leeches
  2 hornets (Swamp:3)
  8 slime creatures (D:14)
  11 polar bears
  15 dream sheep
  A spriggan zombie (D:15)
  2 raiju (Lair:5)
  Prince Ribbit (D:9)
  2 large abominations (Gauntlet)
  An ettin zombie (D:15)
  Sigmund (D:3)
  A hog (shapeshifter) (D:11)
  5 basilisks
  5 wraiths
  3 hogs (Swamp:1)
  2 wyverns (Lair:1)
  27 yaks
  A yak (shapeshifter) (D:14)
  Grum (D:9)
  10 vampire mosquitoes
  5 nagas (Snake:1)
  13 swamp worms
  6 small abominations (Gauntlet)
  7 wargs
  6 acid dragons
  19 water moccasins
  15 hell hounds (Lair:5)
  7 swamp drakes
  An ice beast (D:7)
  13 black bears
  27 orc warriors
  5 boggarts (D:14)
  8 centaurs
  13 ogres
  25 wolves
  A phantom (D:7)
  5 kobold brigands
  7 bullfrogs
  A gnoll sergeant (D:13)
  A scorpion (D:6)
  16 wights
  18 killer bees
  An oklob sapling (Swamp:2)
  8 howler monkeys
  2 electric eels (D:8)
  A jelly (D:7)
  A hound (D:6)
  15 orc priests
  4 iguanas
  25 orc wizards
  8 adders
  12 gnolls
  5 shadow imps
  12 white imps (Lair:3)
  2 worms
  2 dart slugs
  72 orcs
  6 ball pythons
  13 endoplasms
  5 giant cockroaches
  10 goblins
  2 hobgoblins (D:4)
  5 jackals
  2 quokkas (D:1)
  2 bats
  2 frilled lizards
  10 kobolds
  3 rats
  A spectral kobold (D:1)
  4 briar patches
791 creatures vanquished.

Vanquished Creatures (collateral kills)
  3 hydras (Lair:3)
  A black mamba (Swamp:1)
  2 orc warriors (Orc:2)
  An ogre (Orc:2)
  A kobold brigand (D:12)
  2 orc priests (Orc:2)
  An orc (Orc:2)
11 creatures vanquished.

Vanquished Creatures (others)
  A bunyip (Swamp:2)
  A goliath frog (Swamp:2)
  A naga ritualist (Snake:1)
  A dream sheep (Lair:3)
  An orc warrior (D:13)
  An orc priest (Orc:2)
  2 briar patches
  34 fungi
  57 plants
  14 toadstools
  7 withered plants
120 creatures vanquished.

Grand Total: 922 creatures vanquished

Notes
Turn   | Place    | Note
-------+----------+-------------------------------------------
     0 | D:1      | qw the Minotaur Berserker began the quest for the Orb.
     0 | D:1      | Reached XP level 1. HP: 19/19 MP: 0/0
     0 | D:1      | 0 ||| qw: Version: 0.1-a-116-g5d60599
     0 | D:1      | 0 ||| qw: Game counter: 7689
     0 | D:1      | 0 ||| qw: Always use a shield: true
     0 | D:1      | 0 ||| qw: Do Orc after D:15 true
     0 | D:1      | 0 ||| qw: Do second Lair branch before Depths: true
     0 | D:1      | 0 ||| qw: Lair rune preference: random
     0 | D:1      | 0 ||| qw: Plans: Normal
     0 | D:1      | 0 ||| PLANNING D:1-11
   171 | D:1      | 171 ||| DROPPING +0 club.
   262 | D:1      | Reached XP level 2. HP: 21/26 MP: 1/1
   366 | D:1      | Found a faded altar of an unknown god.
   380 | D:1      | 380 ||| Stepping ~*~*~tactically~*~*~ (water).
   451 | D:1      | 451 ||| Stepping ~*~*~tactically~*~*~ (stealth).
   453 | D:1      | 453 ||| Stepping ~*~*~tactically~*~*~ (stealth).
   510 | D:1      | Found Ufiloir's Magic Scroll Shoppe.
   541 | D:1      | 541 ||| SHOPLISTING scroll of brand weapon (104 gold, have
                  | 35).
   541 | D:1      | 541 ||| SHOPLISTING scroll of enchant weapon (82 gold, have
                  | 35).
   541 | D:1      | 541 ||| BUYING scroll of identify (22 gold).
   541 | D:1      | Bought a scroll of identify for 22 gold pieces
   541 | D:1      | 541 ||| SHOPLISTING scroll of identify (22 gold, have 13).
   541 | D:1      | 541 ||| SHOPLISTING scroll of teleportation (33 gold, have
                  | 13).
   669 | D:1      | 669 ||| Stepping ~*~*~tactically~*~*~ (stealth).
   671 | D:1      | 671 ||| Stepping ~*~*~tactically~*~*~ (stealth).
   676 | D:1      | 676 ||| Stepping ~*~*~tactically~*~*~ (stealth).
   682 | D:1      | 682 ||| Stepping ~*~*~tactically~*~*~ (stealth).
   763 | D:1      | 763 ||| DROPPING +0 whip.
   816 | D:1      | 816 ||| Stepping ~*~*~tactically~*~*~ (stealth).
   906 | D:1      | 906 ||| DROPPING scarf of shadows.
   907 | D:1      | 907 ||| UPGRADING to +0 plate armour.
   917 | D:1      | 917 ||| DROPPING +0 animal skin.
   918 | D:1      | 918 ||| READING scroll labelled DUMIENWOUFF.
   919 | D:1      | 919 ||| READING 3 scrolls of identify.
   919 | D:1      | 919 ||| IDENTIFYING clear potion
   920 | D:1      | 920 ||| READING 2 scrolls of identify.
   920 | D:1      | 920 ||| IDENTIFYING brown potion
   921 | D:1      | 921 ||| DROPPING potion of attraction.
   922 | D:1      | 922 ||| DROPPING potion of brilliance.
   964 | D:2      | Reached XP level 3. HP: 31/31 MP: 2/2
  1050 | D:2      | 1050 ||| INVOKING Berserk.
  1059 | D:2      | Reached skill level 6 in Axes
  1059 | D:2      | Reached XP level 4. HP: 39/39 MP: 3/3
  1197 | D:2      | Reached ** piety under Trog
  1333 | D:2      | 1333 ||| DROPPING +1 mace of protection.
  1561 | D:2      | 1561 ||| READING 2 scrolls labelled TIOCRYFIHU.
  1591 | D:3      | 1591 ||| INVOKING Berserk.
  1605 | D:3      | Reached XP level 5. HP: 34/45 MP: 4/4
  1840 | D:3      | 1840 ||| SWAPPING to +0 war axe.
  1841 | D:3      | 1841 ||| DROPPING +0 hand axe.
  2232 | D:3      | Noticed Sigmund
  2233 | D:3      | 2233 ||| INVOKING Berserk.
  2236 | D:3      | Killed Sigmund
  2237 | D:3      | Reached skill level 5 in Fighting
  2237 | D:3      | Reached XP level 6. HP: 57/57 MP: 5/5
  2362 | D:3      | 2362 ||| Stepping ~*~*~tactically~*~*~ (hiding).
  2366 | D:3      | 2366 ||| INVOKING Berserk.
  2369 | D:3      | Reached skill level 3 in Armour
  2805 | D:3      | 2805 ||| READING scroll labelled VYP UMYGUQ.
  2806 | D:3      | 2806 ||| READING scroll labelled QAUTSE NEOCSED.
  2807 | D:3      | 2807 ||| READING 3 scrolls of identify.
  2807 | D:3      | 2807 ||| IDENTIFYING blue potion
  2808 | D:3      | 2808 ||| READING 2 scrolls of identify.
  2808 | D:3      | 2808 ||| IDENTIFYING viscous puce potion
  2809 | D:3      | 2809 ||| DROPPING potion of invisibility.
  2810 | D:3      | 2810 ||| READING scroll of teleportation.
  2861 | D:4      | 2861 ||| INVOKING Berserk.
  2871 | D:4      | 2871 ||| FLEEEEING.
  3142 | D:4      | Found a broken altar of Ashenzari.
  3396 | D:4      | 3396 ||| UPGRADING to +4 ring of evasion.
  3397 | D:4      | 3397 ||| READING scroll labelled HIBLUC ZUIPHIU.
  3398 | D:4      | 3398 ||| READING scroll labelled XAJENUQ ASEMASE.
  3399 | D:4      | 3399 ||| DRINKING 2 amethyst potions.
  3400 | D:4      | 3400 ||| READING 2 scrolls of identify.
  3400 | D:4      | 3400 ||| IDENTIFYING lumpy coppery potion
  3423 | D:5      | Entered Level 5 of the Dungeon
  3449 | D:5      | 3449 ||| Stepping ~*~*~tactically~*~*~ (hiding).
  3453 | D:5      | 3453 ||| INVOKING Berserk.
  3460 | D:5      | Reached XP level 7. HP: 62/62 MP: 6/6
  3567 | D:5      | 3567 ||| DROPPING +0 flail of draining.
  3764 | D:5      | Noticed a kobold demonologist
  3770 | D:5      | 3770 ||| INVOKING Berserk.
  3777 | D:5      | Killed a kobold demonologist
  3778 | D:5      | Reached skill level 9 in Axes
  3786 | D:5      | HP: 15/62 [poisoned by a kobold brigand]
  3787 | D:5      | Reached XP level 8. HP: 18/70 MP: 7/7
  4210 | D:5      | 4210 ||| Stepping ~*~*~tactically~*~*~ (stealth).
  4233 | D:5      | 4233 ||| Stepping ~*~*~tactically~*~*~ (hiding).
  4236 | D:5      | 4236 ||| INVOKING Berserk.
  4240 | D:5      | Reached skill level 1 in Throwing
  4242 | D:5      | Reached skill level 6 in Fighting
  4248 | D:5      | Reached *** piety under Trog
  4504 | D:5      | 4504 ||| Stepping ~*~*~tactically~*~*~ (hiding).
  4632 | D:5      | 4632 ||| INVOKING Berserk.
  5187 | D:5      | 5187 ||| READING scroll labelled WABAUM NAAN.
  5188 | D:5      | 5188 ||| READING 3 scrolls labelled NUPADAAFIR.
  5189 | D:5      | 5189 ||| READING 2 scrolls of identify.
  5189 | D:5      | 5189 ||| IDENTIFYING murky yellow potion
  5190 | D:5      | 5190 ||| DROPPING 2 scrolls of amnesia.
  5337 | D:6      | Found Byfir's General Store.
  5344 | D:6      | 5344 ||| BUYING scroll of identify (22 gold).
  5344 | D:6      | Bought a scroll of identify for 22 gold pieces
  5344 | D:6      | 5344 ||| BUYING scroll of teleportation (33 gold).
  5344 | D:6      | Bought a scroll of teleportation for 33 gold pieces
  5548 | D:6      | 5548 ||| INVOKING Berserk.
  6025 | D:6      | 6025 ||| UPGRADING to +2 cloak.
  6030 | D:6      | 6030 ||| READING 2 scrolls labelled ZELUMU UKAI.
  6031 | D:6      | 6031 ||| READING scroll labelled WIOQO TIFOCO.
  6032 | D:6      | 6032 ||| READING 3 scrolls of identify.
  6032 | D:6      | 6032 ||| IDENTIFYING lumpy red potion
  6033 | D:6      | 6033 ||| DROPPING scroll of magic mapping.
  6034 | D:6      | 6034 ||| DROPPING potion of degeneration.
  6109 | D:7      | 6109 ||| Stepping ~*~*~tactically~*~*~ (stealth).
  6111 | D:7      | 6111 ||| Stepping ~*~*~tactically~*~*~ (stealth).
  6112 | D:7      | 6112 ||| FLEEEEING.
  6113 | D:7      | 6113 ||| FLEEEEING.
  6114 | D:7      | 6114 ||| FLEEEEING.
  6115 | D:7      | 6115 ||| FLEEEEING.
  6116 | D:7      | 6116 ||| FLEEEEING.
  6117 | D:7      | 6117 ||| FLEEEEING.
  6118 | D:7      | 6118 ||| FLEEEEING.
  6119 | D:7      | 6119 ||| FLEEEEING.
  6120 | D:7      | 6120 ||| FLEEEEING.
  6121 | D:7      | 6121 ||| FLEEEEING.
  6122 | D:7      | 6122 ||| FLEEEEING.
  6123 | D:7      | 6123 ||| FLEEEEING.
  6124 | D:7      | 6124 ||| FLEEEEING.
  6125 | D:7      | 6125 ||| FLEEEEING.
  6126 | D:7      | 6126 ||| FLEEEEING.
  6127 | D:7      | 6127 ||| STAIRDANCE
  6230 | D:7      | 6230 ||| STAIRDANCE
  6244 | D:7      | 6244 ||| STAIRDANCE
  6278 | D:7      | 6278 ||| STAIRDANCE
  6455 | D:7      | Found a burning altar of Makhleb.
  6461 | D:7      | 6461 ||| Stepping ~*~*~tactically~*~*~ (hiding).
  6462 | D:7      | 6462 ||| Stepping ~*~*~tactically~*~*~ (hiding).
  6467 | D:7      | Reached skill level 12 in Axes
  6467 | D:7      | 6467 ||| Stepping ~*~*~tactically~*~*~ (hiding).
  6468 | D:7      | 6468 ||| Stepping ~*~*~tactically~*~*~ (hiding).
  6469 | D:7      | 6469 ||| Stepping ~*~*~tactically~*~*~ (hiding).
  6487 | D:7      | Reached skill level 7 in Fighting
  6493 | D:7      | Reached XP level 9. HP: 49/79 MP: 8/8
  6497 | D:7      | 6497 ||| INVOKING Berserk.
  6500 | D:7      | Reached skill level 6 in Armour
  6770 | D:7      | 6770 ||| INVOKING Berserk.
  6791 | D:7      | 6791 ||| Stepping ~*~*~tactically~*~*~ (stealth).
  6880 | D:7      | 6880 ||| Stepping ~*~*~tactically~*~*~ (hiding).
  6881 | D:7      | 6881 ||| Stepping ~*~*~tactically~*~*~ (hiding).
  7117 | D:7      | Found a staircase to the Ecumenical Temple.
  7567 | D:7      | 7567 ||| UPGRADING to +0 pair of boots.
  7572 | D:7      | 7572 ||| DRINKING 2 smoky puce potions.
  7572 | D:7      | Gained mutation: You are dopey. (Int -2) [potion of
                  | mutation]
  7572 | D:7      | Gained mutation: You have a somewhat thin skeletal
                  | structure. (Dex +2, Stealth+) [potion of mutation]
  7613 | D:8      | Noticed Maggie
  7615 | D:8      | 7615 ||| INVOKING Berserk.
  7623 | D:8      | Killed Maggie
  7628 | D:8      | Reached skill level 8 in Fighting
  7629 | D:8      | Reached **** piety under Trog
  7631 | D:8      | Reached skill level 3 in Dodging
  7893 | D:8      | Noticed Erica
  7894 | D:8      | 7894 ||| Stepping ~*~*~tactically~*~*~ (hiding).
  7895 | D:8      | 7895 ||| Stepping ~*~*~tactically~*~*~ (hiding).
  7896 | D:8      | 7896 ||| Stepping ~*~*~tactically~*~*~ (hiding).
  7900 | D:8      | 7900 ||| INVOKING Berserk.
  7905 | D:8      | Killed Erica
  7906 | D:8      | Reached XP level 10. HP: 88/88 MP: 9/9
  7991 | D:8      | Found a transporter.
  8019 | D:8      | Found a transporter.
  8080 | D:8      | 8080 ||| INVOKING Berserk.
  8255 | D:8      | 8255 ||| Stepping ~*~*~tactically~*~*~ (stealth).
  8259 | D:8      | 8259 ||| Stepping ~*~*~tactically~*~*~ (hiding).
  8268 | D:8      | 8268 ||| Stepping ~*~*~tactically~*~*~ (stealth).
  8269 | D:8      | 8269 ||| Stepping ~*~*~tactically~*~*~ (stealth).
  8272 | D:8      | 8272 ||| Stepping ~*~*~tactically~*~*~ (stealth).
  8291 | D:8      | Found a one-way gate to the infinite horrors of the Abyss.
  8291 | D:8      | Noticed qw's ghost (novice DsCA)
  8448 | D:8      | 8448 ||| SWAPPING to +5 war axe.
  8449 | D:8      | 8449 ||| DROPPING +1 war axe.
  8608 | D:8      | Found a blossoming altar of Fedhas.
  8622 | D:8      | Noticed an oklob plant
  8846 | D:8      | 8846 ||| READING 2 scrolls of identify.
  8846 | D:8      | 8846 ||| IDENTIFYING smoky clear potion
  8847 | D:8      | 8847 ||| DROPPING potion of lignification.
  8877 | D:9      | 8877 ||| Stepping ~*~*~tactically~*~*~ (stealth).
  8886 | D:9      | Noticed Prince Ribbit
  8905 | D:9      | Killed Prince Ribbit
  8922 | D:9      | 8922 ||| Stepping ~*~*~tactically~*~*~ (stealth).
  8953 | D:9      | Reached skill level 15 in Axes
  9143 | D:9      | Noticed Grum
  9144 | D:9      | 9144 ||| Stepping ~*~*~tactically~*~*~ (hiding).
  9149 | D:9      | 9149 ||| INVOKING Berserk.
  9159 | D:9      | Killed Grum
  9160 | D:9      | Reached skill level 9 in Fighting
  9168 | D:9      | 9168 ||| Stepping ~*~*~tactically~*~*~ (stealth).
  9306 | D:9      | 9306 ||| Stepping ~*~*~tactically~*~*~ (hiding).
  9307 | D:9      | 9307 ||| Stepping ~*~*~tactically~*~*~ (hiding).
  9348 | D:9      | 9348 ||| Stepping ~*~*~tactically~*~*~ (stealth).
  9349 | D:9      | 9349 ||| INVOKING Berserk.
  9365 | D:9      | Reached ***** piety under Trog
  9587 | D:9      | 9587 ||| Stepping ~*~*~tactically~*~*~ (stealth).
  9589 | D:9      | 9589 ||| Stepping ~*~*~tactically~*~*~ (stealth).
  9600 | D:9      | Found a hazy altar of Hepliaklqana.
  9750 | D:9      | Found a glowing silver altar of Zin.
  9750 | D:9      | Noticed an angel
  9851 | D:10     | Entered Level 10 of the Dungeon
  9852 | D:10     | 9852 ||| STAIRDANCE
 10001 | D:10     | Identified the +0 leather armour "Jiegyxt" {Int+4 Stlth+}
 10038 | D:10     | Noticed a white ugly thing
 10044 | D:10     | 10044 ||| INVOKING Berserk.
 10051 | D:10     | Killed a white ugly thing
 10052 | D:10     | Reached skill level 10 in Fighting
 10254 | D:10     | 10254 ||| INVOKING Berserk.
 10258 | D:10     | Reached XP level 11. HP: 99/99 MP: 10/10
 10380 | D:10     | 10380 ||| INVOKING Berserk.
 10693 | D:10     | Found a basalt altar of Yredelemnul.
 10729 | D:10     | Noticed a two-headed ogre
 10730 | D:10     | 10730 ||| FLEEEEING.
 10731 | D:10     | 10731 ||| FLEEEEING.
 10732 | D:10     | 10732 ||| FLEEEEING.
 10734 | D:10     | 10734 ||| FLEEEEING.
 10735 | D:10     | 10735 ||| FLEEEEING.
 10736 | D:10     | 10736 ||| FLEEEEING.
 10737 | D:10     | 10737 ||| FLEEEEING.
 10738 | D:10     | 10738 ||| FLEEEEING.
 10739 | D:10     | 10739 ||| INVOKING Berserk.
 10742 | D:10     | Killed a two-headed ogre
 10743 | D:10     | Reached skill level 9 in Armour
 10856 | D:10     | 10856 ||| Stepping randomly (disturbance).
 11138 | D:10     | 11138 ||| DROPPING amulet of faith.
 11139 | D:10     | 11139 ||| UPGRADING to amulet of reflection.
 11144 | D:10     | 11144 ||| READING scroll labelled IRATYE QUULOS UXA.
 11145 | D:10     | 11145 ||| READING 4 scrolls of identify.
 11145 | D:10     | 11145 ||| IDENTIFYING black potion
 11168 | D:11     | 11168 ||| PLANNING GAUNTLET
 11208 | D:11     | Noticed a two-headed ogre
 11210 | D:11     | 11210 ||| INVOKING Berserk.
 11213 | D:11     | Killed a two-headed ogre
 11365 | D:11     | 11365 ||| INVOKING Berserk.
 11596 | D:11     | Found a gate leading to a gauntlet.
 11601 | Gauntlet | Entered a Gauntlet
 11601 | Gauntlet | Found a transporter.
 11601 | Gauntlet | Found a transporter.
 11619 | Gauntlet | Found a transporter.
 11622 | Gauntlet | Found a transporter.
 11623 | Gauntlet | Found a transporter.
 11623 | Gauntlet | Found a transporter.
 11651 | Gauntlet | Noticed a necromancer
 11657 | Gauntlet | Found a transporter.
 11659 | Gauntlet | Noticed a blizzard demon
 11665 | Gauntlet | Found a transporter.
 11680 | Gauntlet | Noticed an orange crystal statue
 11682 | Gauntlet | Found a transporter.
 11698 | Gauntlet | Found a transporter.
 11701 | Gauntlet | Found a transporter.
 11756 | Gauntlet | 11756 ||| INVOKING Berserk.
 11759 | Gauntlet | Reached skill level 11 in Fighting
 11962 | Gauntlet | 11962 ||| READING scroll labelled JOHIQU IDDEWK.
 12152 | Gauntlet | Found a transporter.
 12172 | Gauntlet | 12172 ||| Stepping randomly (stuck).
 12183 | Gauntlet | Killed a necromancer
 12211 | Gauntlet | 12211 ||| Stepping randomly (stuck).
 12224 | Gauntlet | 12224 ||| INVOKING Berserk.
 12226 | Gauntlet | HP: 36/153 [blizzard demon] (7)]
 12230 | Gauntlet | Killed a blizzard demon
 12513 | Gauntlet | Identified the +9 glaive "Juph" {freeze, Dex+7}
 12514 | Gauntlet | Identified the +0 helmet "Liutim" {rPois Slay+2}
 12515 | Gauntlet | 12515 ||| READING scroll labelled WEDWACE HYNUXE.
 12647 | Gauntlet | Noticed a minotaur
 12648 | Gauntlet | 12648 ||| INVOKING Brothers in Arms.
 12649 | Gauntlet | 12649 ||| INVOKING Berserk.
 12656 | Gauntlet | Killed a minotaur
 12657 | Gauntlet | Reached skill level 12 in Fighting
 12877 | D:11     | 12877 ||| PLANNING D:1-11
 13034 | D:11     | Noticed an oklob plant
 13039 | D:11     | Found a staircase to the Lair.
 13040 | D:11     | 13040 ||| INVOKING Berserk.
 13044 | D:11     | Killed an oklob plant
 13045 | D:11     | Reached skill level 3 in Throwing
 13264 | D:11     | Found a staircase to the Orcish Mines.
 13281 | D:11     | 13281 ||| FLEEEEING.
 13282 | D:11     | 13282 ||| FLEEEEING.
 13283 | D:11     | 13283 ||| FLEEEEING.
 13284 | D:11     | 13284 ||| FLEEEEING.
 13285 | D:11     | 13285 ||| FLEEEEING.
 13286 | D:11     | 13286 ||| FLEEEEING.
 13287 | D:11     | 13287 ||| FLEEEEING.
 13288 | D:11     | 13288 ||| FLEEEEING.
 13302 | D:11     | 13302 ||| FLEEEEING.
 13303 | D:11     | 13303 ||| FLEEEEING.
 13318 | D:11     | 13318 ||| FLEEEEING.
 13319 | D:11     | 13319 ||| FLEEEEING.
 13320 | D:11     | 13320 ||| FLEEEEING.
 13330 | D:11     | 13330 ||| STAIRDANCE
 13600 | D:11     | 13600 ||| PLANNING LAIR
 13622 | Lair:1   | Entered Level 1 of the Lair of Beasts
 13898 | Lair:1   | Reached XP level 12. HP: 111/112 MP: 11/11
 14174 | Lair:1   | Reached skill level 6 in Throwing
 14448 | Lair:1   | 14448 ||| READING 4 scrolls labelled NACYMI IPN.
 14449 | Lair:1   | 14449 ||| DROPPING 3 scrolls of fear.
 14606 | Lair:2   | 14606 ||| INVOKING Berserk.
 14651 | Lair:2   | Reached skill level 13 in Fighting
 14720 | Lair:2   | 14720 ||| FLEEEEING.
 14721 | Lair:2   | 14721 ||| FLEEEEING.
 14722 | Lair:2   | 14722 ||| FLEEEEING.
 14723 | Lair:2   | 14723 ||| INVOKING Berserk.
 14731 | Lair:2   | 14731 ||| STAIRDANCE
 14831 | Lair:2   | Reached skill level 6 in Dodging
 14845 | Lair:2   | Found a staircase to the Snake Pit.
 14882 | Lair:2   | 14882 ||| DRINKING 2 potions of cancellation.
 14910 | Lair:2   | 14910 ||| Stepping ~*~*~tactically~*~*~ (stealth).
 14912 | Lair:2   | 14912 ||| Stepping ~*~*~tactically~*~*~ (stealth).
 15048 | Lair:2   | 15048 ||| READING scroll of enchant weapon.
 15048 | Lair:2   | 15048 ||| ENCHANTING +5 war axe of protection.
 15166 | Lair:2   | 15166 ||| Stepping ~*~*~tactically~*~*~ (stealth).
 15170 | Lair:2   | 15170 ||| INVOKING Berserk.
 15517 | Lair:2   | Reached skill level 12 in Armour
 15781 | Lair:2   | 15781 ||| READING 6 scrolls of identify.
 15781 | Lair:2   | 15781 ||| IDENTIFYING white potion
 15782 | Lair:2   | 15782 ||| DROPPING potion of ambrosia.
 15816 | Lair:3   | 15816 ||| Stepping ~*~*~tactically~*~*~ (stealth).
 15817 | Lair:3   | 15817 ||| Stepping ~*~*~tactically~*~*~ (hiding).
 15831 | Lair:3   | 15831 ||| Stepping ~*~*~tactically~*~*~ (hiding).
 15868 | Lair:3   | 15868 ||| FLEEEEING.
 15869 | Lair:3   | 15869 ||| FLEEEEING.
 15870 | Lair:3   | 15870 ||| FLEEEEING.
 15871 | Lair:3   | 15871 ||| FLEEEEING.
 15872 | Lair:3   | 15872 ||| FLEEEEING.
 15873 | Lair:3   | 15873 ||| STAIRDANCE
 15957 | Lair:3   | 15957 ||| INVOKING Berserk.
 15961 | Lair:3   | 15961 ||| STAIRDANCE
 16082 | Lair:3   | Reached skill level 14 in Fighting
 16106 | Lair:3   | Noticed an eight-headed hydra
 16107 | Lair:3   | 16107 ||| INVOKING Brothers in Arms.
 16109 | Lair:3   | Killed an eight-headed hydra
 16120 | Lair:3   | Noticed a seven-headed hydra
 16123 | Lair:3   | 16123 ||| SWAPPING to +1 morningstar of protection.
 16124 | Lair:3   | Killed a seven-headed hydra
 16125 | Lair:3   | 16125 ||| SWAPPING to +6 war axe of protection.
 16252 | Lair:3   | 16252 ||| INVOKING Berserk.
 16255 | Lair:3   | Reached XP level 13. HP: 124/124 MP: 12/12
 16259 | Lair:3   | 16259 ||| Stepping ~*~*~tactically~*~*~ (stealth).
 16267 | Lair:3   | 16267 ||| Stepping ~*~*~tactically~*~*~ (stealth).
 16268 | Lair:3   | 16268 ||| INVOKING Brothers in Arms.
 16269 | Lair:3   | 16269 ||| SWAPPING to +1 morningstar of protection.
 16272 | Lair:3   | 16272 ||| SWAPPING to +6 war axe of protection.
 16379 | Lair:3   | 16379 ||| Stepping ~*~*~tactically~*~*~ (stealth).
 16451 | Lair:3   | 16451 ||| Stepping ~*~*~tactically~*~*~ (stealth).
 16452 | Lair:3   | 16452 ||| Stepping ~*~*~tactically~*~*~ (stealth).
 16455 | Lair:3   | Found a staircase to the Swamp.
 16458 | Lair:3   | 16458 ||| INVOKING Berserk.
 16612 | Lair:3   | 16612 ||| INVOKING Brothers in Arms.
 16613 | Lair:3   | 16613 ||| INVOKING Berserk.
 16755 | Lair:3   | 16755 ||| Stepping ~*~*~tactically~*~*~ (stealth).
 16762 | Lair:3   | 16762 ||| Stepping ~*~*~tactically~*~*~ (stealth).
 16847 | Lair:3   | 16847 ||| Stepping ~*~*~tactically~*~*~ (stealth).
 17039 | Lair:3   | 17039 ||| Stepping ~*~*~tactically~*~*~ (stealth).
 17040 | Lair:3   | 17040 ||| Stepping ~*~*~tactically~*~*~ (stealth).
 17042 | Lair:3   | 17042 ||| Stepping ~*~*~tactically~*~*~ (hiding).
 17132 | Lair:3   | 17132 ||| Stepping ~*~*~tactically~*~*~ (stealth).
 17516 | Lair:3   | 17516 ||| Stepping ~*~*~tactically~*~*~ (stealth).
 17649 | Lair:3   | 17649 ||| READING scroll labelled UFRUKL KE UNYD.
 17772 | Lair:4   | 17772 ||| INVOKING Berserk.
 18023 | Lair:4   | Noticed Sonja
 18026 | Lair:4   | Killed Sonja
 18056 | Lair:4   | 18056 ||| INVOKING Berserk.
 18066 | Lair:4   | Reached skill level 15 in Fighting
 18512 | Lair:4   | 18512 ||| Stepping ~*~*~tactically~*~*~ (hiding).
 18818 | Lair:4   | 18818 ||| DRINKING 2 fuming purple potions.
 18819 | Lair:4   | 18819 ||| DROPPING potion of magic.
 18864 | Lair:5   | Entered Level 5 of the Lair of Beasts
 18865 | Lair:5   | 18865 ||| STAIRDANCE
 18873 | Lair:5   | 18873 ||| STAIRDANCE
 18963 | Lair:5   | 18963 ||| STAIRDANCE
 19070 | Lair:5   | 19070 ||| STAIRDANCE
 19072 | Lair:4   | 19072 ||| INVOKING Berserk.
 19187 | Lair:5   | 19187 ||| STAIRDANCE
 19189 | Lair:4   | 19189 ||| INVOKING Berserk.
 19315 | Lair:5   | 19315 ||| STAIRDANCE
 19317 | Lair:4   | 19317 ||| INVOKING Berserk.
 19443 | Lair:5   | 19443 ||| STAIRDANCE
 19449 | Lair:5   | 19449 ||| INVOKING Berserk.
 19458 | Lair:5   | 19458 ||| STAIRDANCE
 19573 | Lair:5   | 19573 ||| Stepping ~*~*~tactically~*~*~ (stealth).
 19575 | Lair:5   | 19575 ||| Stepping ~*~*~tactically~*~*~ (stealth).
 19581 | Lair:5   | Reached skill level 9 in Throwing
 19663 | Lair:5   | 19663 ||| INVOKING Berserk.
 19782 | Lair:5   | Found a viscous altar of Jiyva.
 19787 | Lair:5   | 19787 ||| Stepping randomly (cloudy).
 19788 | Lair:5   | 19788 ||| DRINKING 4 potions of curing.
 19788 | Lair:5   | 19788 ||| (to cure confusion)
 19798 | Lair:5   | 19798 ||| DRINKING 3 potions of curing.
 19798 | Lair:5   | 19798 ||| (to cure confusion)
 19803 | Lair:5   | 19803 ||| DRINKING 2 potions of curing.
 19803 | Lair:5   | 19803 ||| (to cure confusion)
 19814 | Lair:5   | 19814 ||| Stepping ~*~*~tactically~*~*~ (stealth).
 19947 | Lair:5   | 19947 ||| DRINKING potion of cancellation.
 19970 | Lair:5   | Noticed a fire dragon
 19973 | Lair:5   | 19973 ||| INVOKING Berserk.
 19979 | Lair:5   | Killed a fire dragon
 20142 | Lair:5   | Found a staircase to the Slime Pits.
 20173 | Lair:5   | 20173 ||| INVOKING Brothers in Arms.
 20175 | Lair:5   | 20175 ||| INVOKING Brothers in Arms.
 20176 | Lair:5   | 20176 ||| INVOKING Brothers in Arms.
 20177 | Lair:5   | 20177 ||| SWAPPING to +1 morningstar of protection.
 20178 | Lair:5   | 20178 ||| INVOKING Berserk.
 20225 | Lair:5   | 20225 ||| SWAPPING to +6 war axe of protection.
 20385 | Lair:5   | 20385 ||| INVOKING Berserk.
 20558 | Lair:5   | 20558 ||| Stepping ~*~*~tactically~*~*~ (hiding).
 20567 | Lair:5   | 20567 ||| Stepping ~*~*~tactically~*~*~ (stealth).
 20568 | Lair:5   | 20568 ||| Stepping ~*~*~tactically~*~*~ (stealth).
 20569 | Lair:5   | 20569 ||| Stepping ~*~*~tactically~*~*~ (stealth).
 20600 | Lair:5   | 20600 ||| Stepping ~*~*~tactically~*~*~ (stealth).
 20606 | Lair:5   | 20606 ||| READING scroll of brand weapon.
 20606 | Lair:5   | 20606 ||| BRANDING +6 war axe of protection.
 20613 | Lair:5   | 20613 ||| Stepping ~*~*~tactically~*~*~ (hiding).
 20616 | Lair:5   | 20616 ||| Stepping ~*~*~tactically~*~*~ (hiding).
 20618 | Lair:5   | 20618 ||| Stepping ~*~*~tactically~*~*~ (hiding).
 20628 | Lair:5   | 20628 ||| INVOKING Berserk.
 20718 | Lair:5   | 20718 ||| Stepping ~*~*~tactically~*~*~ (stealth).
 20720 | Lair:5   | 20720 ||| Stepping ~*~*~tactically~*~*~ (hiding).
 20825 | Lair:5   | 20825 ||| FLEEEEING.
 20829 | Lair:5   | 20829 ||| INVOKING Berserk.
 20841 | Lair:5   | 20841 ||| Stepping ~*~*~tactically~*~*~ (stealth).
 20944 | Lair:5   | 20944 ||| Stepping ~*~*~tactically~*~*~ (stealth).
 20946 | Lair:5   | 20946 ||| INVOKING Berserk.
 20949 | Lair:5   | Reached skill level 16 in Fighting
 20975 | Lair:5   | Reached XP level 14. HP: 137/137 MP: 13/13
 20979 | Lair:5   | 20979 ||| Stepping ~*~*~tactically~*~*~ (stealth).
 21093 | Lair:5   | 21093 ||| Stepping ~*~*~tactically~*~*~ (hiding).
 21124 | Lair:5   | 21124 ||| INVOKING Berserk.
 21144 | Lair:5   | 21144 ||| Stepping ~*~*~tactically~*~*~ (stealth).
 21296 | Lair:5   | 21296 ||| Stepping ~*~*~tactically~*~*~ (hiding).
 21297 | Lair:5   | 21297 ||| Stepping ~*~*~tactically~*~*~ (hiding).
 21467 | Lair:5   | 21467 ||| Stepping ~*~*~tactically~*~*~ (hiding).
 21554 | Lair:5   | 21554 ||| Stepping ~*~*~tactically~*~*~ (hiding).
 21587 | Lair:5   | 21587 ||| Stepping ~*~*~tactically~*~*~ (stealth).
 21781 | Lair:5   | 21781 ||| Stepping ~*~*~tactically~*~*~ (stealth).
 21792 | Lair:5   | 21792 ||| INVOKING Berserk.
 21798 | Lair:5   | Reached skill level 15 in Armour
 21952 | Lair:5   | 21952 ||| READING scroll of enchant weapon.
 21952 | Lair:5   | 21952 ||| ENCHANTING +6 war axe of electrocution.
 22206 | Lair:5   | 22206 ||| PLANNING D
 22206 | Lair:5   | 22206 ||| DROPPING amulet of regeneration.
 22478 | D:12     | Received a gift from Trog
 22583 | D:12     | 22583 ||| INVOKING Brothers in Arms.
 22585 | D:12     | 22585 ||| INVOKING Berserk.
 23146 | D:12     | 23146 ||| Stepping ~*~*~tactically~*~*~ (hiding).
 23388 | D:13     | Reached skill level 17 in Fighting
 23394 | D:13     | 23394 ||| INVOKING Berserk.
 23449 | D:13     | 23449 ||| INVOKING Berserk.
 23656 | D:13     | 23656 ||| Stepping ~*~*~tactically~*~*~ (hiding).
 23657 | D:13     | 23657 ||| Stepping ~*~*~tactically~*~*~ (hiding).
 23659 | D:13     | 23659 ||| INVOKING Trog's Hand.
 23660 | D:13     | 23660 ||| INVOKING Berserk.
 23684 | D:13     | HP: 32/141 [yaktaur/bolt (9)]
 23685 | D:13     | 23685 ||| READING 3 scrolls of teleportation.
 23686 | D:13     | 23686 ||| DRINKING 4 potions of heal wounds.
 24007 | D:13     | 24007 ||| Stepping ~*~*~tactically~*~*~ (stealth).
 24015 | D:13     | 24015 ||| Stepping ~*~*~tactically~*~*~ (hiding).
 24024 | D:13     | Reached skill level 18 in Fighting
 24120 | D:13     | 24120 ||| Stepping ~*~*~tactically~*~*~ (stealth).
 24122 | D:13     | 24122 ||| Stepping ~*~*~tactically~*~*~ (hiding).
 24123 | D:13     | 24123 ||| INVOKING Berserk.
 24315 | D:13     | 24315 ||| FLEEEEING.
 24316 | D:13     | 24316 ||| FLEEEEING.
 24317 | D:13     | 24317 ||| FLEEEEING.
 24318 | D:13     | 24318 ||| FLEEEEING.
 24319 | D:13     | 24319 ||| FLEEEEING.
 24320 | D:13     | 24320 ||| FLEEEEING.
 24321 | D:13     | 24321 ||| FLEEEEING.
 24322 | D:13     | 24322 ||| Stepping ~*~*~tactically~*~*~ (hiding).
 24324 | D:13     | 24324 ||| Stepping ~*~*~tactically~*~*~ (hiding).
 24554 | D:13     | 24554 ||| INVOKING Berserk.
 24720 | D:13     | Found a gate to the Vaults.
 24770 | D:13     | 24770 ||| DROPPING +0 ice dragon scales.
 24771 | D:13     | 24771 ||| UPGRADING to +4 plate armour.
 24781 | D:13     | 24781 ||| DROPPING +0 plate armour.
 24900 | D:14     | Found an iron altar of Okawaru.
 24901 | D:14     | 24901 ||| Stepping ~*~*~tactically~*~*~ (stealth).
 24931 | D:14     | 24931 ||| INVOKING Brothers in Arms.
 24932 | D:14     | 24932 ||| INVOKING Brothers in Arms.
 24933 | D:14     | 24933 ||| INVOKING Brothers in Arms.
 24934 | D:14     | 24934 ||| SWAPPING to +1 morningstar of protection.
 24936 | D:14     | 24936 ||| INVOKING Brothers in Arms.
 24937 | D:14     | 24937 ||| INVOKING Brothers in Arms.
 24938 | D:14     | 24938 ||| INVOKING Brothers in Arms.
 24939 | D:14     | 24939 ||| INVOKING Berserk.
 24945 | D:14     | 24945 ||| SWAPPING to +7 war axe of electrocution.
 25061 | D:14     | 25061 ||| Stepping ~*~*~tactically~*~*~ (hiding).
 25260 | D:14     | 25260 ||| Stepping ~*~*~tactically~*~*~ (stealth).
 25269 | D:14     | 25269 ||| INVOKING Berserk.
 25592 | D:14     | 25592 ||| INVOKING Berserk.
 25607 | D:14     | Reached XP level 15. HP: 149/149 MP: 14/14
 25744 | D:14     | 25744 ||| INVOKING Berserk.
 25749 | D:14     | Reached skill level 9 in Dodging
 25899 | D:14     | 25899 ||| Stepping ~*~*~tactically~*~*~ (hiding).
 25925 | D:14     | 25925 ||| Stepping ~*~*~tactically~*~*~ (hiding).
 25926 | D:14     | 25926 ||| Stepping ~*~*~tactically~*~*~ (hiding).
 25952 | D:14     | 25952 ||| INVOKING Berserk.
 26277 | D:14     | 26277 ||| DROPPING orb of mayhem.
 26297 | D:15     | Entered Level 15 of the Dungeon
 26298 | D:15     | 26298 ||| STAIRDANCE
 26305 | D:15     | 26305 ||| STAIRDANCE
 26395 | D:15     | 26395 ||| STAIRDANCE
 26583 | D:15     | 26583 ||| STAIRDANCE
 26593 | D:14     | Reached skill level 19 in Fighting
 26783 | D:15     | 26783 ||| STAIRDANCE
 26785 | D:14     | 26785 ||| INVOKING Trog's Hand.
 26786 | D:14     | 26786 ||| INVOKING Berserk.
 26905 | D:15     | 26905 ||| STAIRDANCE
 26963 | D:15     | 26963 ||| Stepping ~*~*~tactically~*~*~ (hiding).
 26965 | D:15     | 26965 ||| Stepping ~*~*~tactically~*~*~ (hiding).
 27078 | D:15     | 27078 ||| Stepping ~*~*~tactically~*~*~ (stealth).
 27080 | D:15     | 27080 ||| Stepping ~*~*~tactically~*~*~ (hiding).
 27081 | D:15     | 27081 ||| Stepping ~*~*~tactically~*~*~ (hiding).
 27082 | D:15     | 27082 ||| Stepping ~*~*~tactically~*~*~ (hiding).
 27083 | D:15     | 27083 ||| Stepping ~*~*~tactically~*~*~ (hiding).
 27149 | D:15     | 27149 ||| Stepping ~*~*~tactically~*~*~ (stealth).
 27152 | D:15     | 27152 ||| Stepping ~*~*~tactically~*~*~ (stealth).
 27159 | D:15     | 27159 ||| Stepping ~*~*~tactically~*~*~ (hiding).
 27188 | D:15     | 27188 ||| FLEEEEING.
 27192 | D:15     | 27192 ||| FLEEEEING.
 27194 | D:15     | 27194 ||| FLEEEEING.
 27195 | D:15     | 27195 ||| FLEEEEING.
 27196 | D:15     | 27196 ||| FLEEEEING.
 27197 | D:15     | 27197 ||| FLEEEEING.
 27198 | D:15     | 27198 ||| FLEEEEING.
 27199 | D:15     | 27199 ||| FLEEEEING.
 27200 | D:15     | 27200 ||| FLEEEEING.
 27201 | D:15     | 27201 ||| FLEEEEING.
 27202 | D:15     | 27202 ||| FLEEEEING.
 27203 | D:15     | 27203 ||| FLEEEEING.
 27204 | D:15     | 27204 ||| FLEEEEING.
 27205 | D:15     | 27205 ||| Stepping ~*~*~tactically~*~*~ (hiding).
 27206 | D:15     | 27206 ||| FLEEEEING.
 27207 | D:15     | 27207 ||| INVOKING Trog's Hand.
 27209 | D:15     | 27209 ||| INVOKING Berserk.
 27237 | D:15     | Noticed Josephine
 27243 | D:15     | HP: 33/152 [wraith[Josephine] (10)]
 27244 | D:15     | 27244 ||| READING 3 scrolls of teleportation.
 27244 | D:15     | HP: 12/152 [Josephine/+0 dagger of electrocution (10)]
 27245 | D:15     | 27245 ||| DRINKING 3 potions of heal wounds.
 27246 | D:15     | 27246 ||| DRINKING 2 potions of heal wounds.
 27523 | D:15     | Found a staircase to the Depths.
 27560 | D:15     | Found a runed translucent gate.
 27560 | D:15     | Found a runed translucent gate.
 27560 | D:15     | Found a runed translucent gate.
 27561 | D:15     | Noticed Boahovan's ghost (journeyman DsGl)
 27563 | D:15     | Noticed Jiecrehi's ghost (journeyman DDFi)
 27646 | D:15     | Killed Josephine
 27947 | D:15     | 27947 ||| PLANNING ORC
 28059 | Orc:1    | Entered Level 1 of the Orcish Mines
 28064 | Orc:1    | 28064 ||| INVOKING Trog's Hand.
 28065 | Orc:1    | 28065 ||| INVOKING Berserk.
 28326 | Orc:1    | You fall into a shaft and drop 1 floor!
 28326 | Orc:2    | Entered Level 2 of the Orcish Mines
 28330 | Orc:2    | 28330 ||| Stepping ~*~*~tactically~*~*~ (hiding).
 28378 | Orc:2    | Found Leqior's Assorted Antiques.
 28386 | Orc:2    | 28386 ||| Stepping ~*~*~tactically~*~*~ (hiding).
 28389 | Orc:2    | 28389 ||| Stepping ~*~*~tactically~*~*~ (hiding).
 28401 | Orc:2    | 28401 ||| Stepping ~*~*~tactically~*~*~ (hiding).
 28645 | Orc:2    | 28645 ||| BUYING 2 red potions (61 gold).
 28645 | Orc:2    | Bought 2 red potions for 61 gold pieces
 28645 | Orc:2    | 28645 ||| BUYING potion of haste (340 gold).
 28645 | Orc:2    | Bought a potion of haste for 340 gold pieces
 28645 | Orc:2    | 28645 ||| BUYING potion of heal wounds (170 gold).
 28645 | Orc:2    | Bought a potion of heal wounds for 170 gold pieces
 28645 | Orc:2    | 28645 ||| BUYING scroll of teleportation (102 gold).
 28645 | Orc:2    | Bought a scroll of teleportation for 102 gold pieces
 28653 | Orc:2    | 28653 ||| Stepping ~*~*~tactically~*~*~ (stealth).
 28655 | Orc:2    | 28655 ||| Stepping ~*~*~tactically~*~*~ (hiding).
 28657 | Orc:2    | 28657 ||| Stepping ~*~*~tactically~*~*~ (hiding).
 28689 | Orc:2    | 28689 ||| Stepping ~*~*~tactically~*~*~ (hiding).
 28694 | Orc:2    | 28694 ||| INVOKING Trog's Hand.
 28695 | Orc:2    | 28695 ||| INVOKING Berserk.
 28722 | Orc:2    | Noticed an orc warlord
 28723 | Orc:2    | 28723 ||| INVOKING Brothers in Arms.
 28729 | Orc:2    | HP: 17/152 [orc knight/+0 dire flail (38)]
 28730 | Orc:2    | 28730 ||| READING 3 scrolls of teleportation.
 28731 | Orc:2    | 28731 ||| DRINKING 2 potions of heal wounds.
 29004 | Orc:2    | 29004 ||| Stepping ~*~*~tactically~*~*~ (hiding).
 29113 | Orc:2    | 29113 ||| Stepping ~*~*~tactically~*~*~ (stealth).
 29115 | Orc:2    | 29115 ||| Stepping ~*~*~tactically~*~*~ (hiding).
 29123 | Orc:2    | 29123 ||| Stepping ~*~*~tactically~*~*~ (hiding).
 29134 | Orc:2    | 29134 ||| Stepping ~*~*~tactically~*~*~ (stealth).
 29136 | Orc:2    | 29136 ||| Stepping ~*~*~tactically~*~*~ (hiding).
 29141 | Orc:2    | 29141 ||| INVOKING Trog's Hand.
 29143 | Orc:2    | 29143 ||| INVOKING Berserk.
 29153 | Orc:2    | Killed an orc warlord
 29271 | Orc:2    | Found Fomeisch's Antique Armour Emporium.
 29272 | Orc:2    | 29272 ||| FLEEEEING.
 29273 | Orc:2    | 29273 ||| FLEEEEING.
 29275 | Orc:2    | Found Cayn's Book Emporium.
 29278 | Orc:2    | 29278 ||| DRINKING 3 potions of curing.
 29278 | Orc:2    | 29278 ||| (to cure confusion)
 29366 | Orc:2    | Found Uxzug's Antique Weapon Emporium.
 29377 | Orc:2    | 29377 ||| SWAPPING to +0 vampiric war axe.
 29378 | Orc:2    | 29378 ||| DROPPING +7 war axe of electrocution.
 29419 | Orc:2    | 29419 ||| SHOPLISTING polished plate armour (952 gold, have
                  | 706).
 29419 | Orc:2    | 29419 ||| SHOPLISTING runed plate armour (884 gold, have
                  | 706).
 29456 | Orc:2    | 29456 ||| Stepping ~*~*~tactically~*~*~ (hiding).
 29603 | Orc:2    | Found Seuger's General Store.
 29610 | Orc:2    | 29610 ||| SHOPLISTING +5 broad axe "Cinic" {flame, rN+
                  | Will- MP+9 SInv} (996 gold, have 772).
 29610 | Orc:2    | 29610 ||| BUYING potion of cancellation (128 gold).
 29610 | Orc:2    | Bought a potion of cancellation for 128 gold pieces
 29610 | Orc:2    | 29610 ||| BUYING scroll of teleportation (48 gold).
 29610 | Orc:2    | Bought a scroll of teleportation for 48 gold pieces
 29636 | Orc:2    | 29636 ||| Stepping ~*~*~tactically~*~*~ (hiding).
 29644 | Orc:2    | 29644 ||| Stepping ~*~*~tactically~*~*~ (hiding).
 29917 | Orc:2    | 29917 ||| Stepping ~*~*~tactically~*~*~ (hiding).
 29918 | Orc:2    | 29918 ||| Stepping ~*~*~tactically~*~*~ (hiding).
 29932 | Orc:2    | 29932 ||| DRINKING 2 potions of curing.
 29932 | Orc:2    | 29932 ||| (to cure confusion)
 29944 | Orc:2    | Found a staircase to the Elven Halls.
 30019 | Orc:2    | 30019 ||| DRINKING 2 red potions.
 30288 | Orc:1    | 30288 ||| PLANNING SWAMP:1-3
 30466 | Swamp:1  | Entered Level 1 of the Swamp
 30477 | Swamp:1  | Reached skill level 18 in Armour
 30477 | Swamp:1  | 30477 ||| Stepping ~*~*~tactically~*~*~ (cloud).
 30482 | Swamp:1  | 30482 ||| INVOKING Berserk.
 30520 | Swamp:1  | 30520 ||| INVOKING Brothers in Arms.
 30742 | Swamp:1  | Noticed a thorn hunter
 30743 | Swamp:1  | 30743 ||| INVOKING Brothers in Arms.
 30760 | Swamp:1  | 30760 ||| INVOKING Berserk.
 30769 | Swamp:1  | Killed a thorn hunter
 30924 | Swamp:1  | Noticed Kirke
 30925 | Swamp:1  | 30925 ||| INVOKING Trog's Hand.
 30935 | Swamp:1  | 30935 ||| INVOKING Berserk.
 30942 | Swamp:1  | Killed Kirke
 30943 | Swamp:1  | Reached XP level 16. HP: 161/161 MP: 15/15
 31097 | Swamp:1  | 31097 ||| Stepping ~*~*~tactically~*~*~ (hiding).
 31212 | Swamp:1  | 31212 ||| SWAPPING to +1 morningstar of protection.
 31214 | Swamp:1  | 31214 ||| INVOKING Berserk.
 31220 | Swamp:1  | 31220 ||| SWAPPING to +0 vampiric war axe.
 31380 | Swamp:1  | 31380 ||| Stepping ~*~*~tactically~*~*~ (hiding).
 31576 | Swamp:1  | 31576 ||| Stepping ~*~*~tactically~*~*~ (cloud).
 31588 | Swamp:1  | 31588 ||| Stepping ~*~*~tactically~*~*~ (cloud).
 31710 | Swamp:1  | 31710 ||| SWAPPING to +1 morningstar of protection.
 31711 | Swamp:1  | 31711 ||| INVOKING Berserk.
 31716 | Swamp:1  | Reached skill level 20 in Fighting
 31767 | Swamp:1  | 31767 ||| SWAPPING to +0 vampiric war axe.
 32154 | Swamp:1  | 32154 ||| READING scroll labelled XELEXK EJADU.
 32292 | Swamp:2  | 32292 ||| INVOKING Berserk.
 32459 | Swamp:2  | 32459 ||| SWAPPING to +1 morningstar of protection.
 32464 | Swamp:2  | 32464 ||| SWAPPING to +0 vampiric war axe.
 32474 | Swamp:2  | 32474 ||| INVOKING Berserk.
 32501 | Swamp:2  | 32501 ||| DRINKING potion of resistance.
 32512 | Swamp:2  | 32512 ||| Stepping ~*~*~tactically~*~*~ (water).
 32522 | Swamp:2  | 32522 ||| Stepping ~*~*~tactically~*~*~ (cloud).
 32652 | Swamp:2  | 32652 ||| Stepping ~*~*~tactically~*~*~ (stealth).
 32653 | Swamp:2  | 32653 ||| INVOKING Berserk.
 32705 | Swamp:2  | Noticed a thorn hunter
 32711 | Swamp:2  | 32711 ||| Stepping ~*~*~tactically~*~*~ (stealth).
 32829 | Swamp:2  | 32829 ||| INVOKING Berserk.
 32839 | Swamp:2  | Killed a thorn hunter
 33030 | Swamp:2  | 33030 ||| Stepping ~*~*~tactically~*~*~ (cloud).
 33041 | Swamp:2  | 33041 ||| Stepping ~*~*~tactically~*~*~ (cloud).
 33111 | Swamp:2  | Found a shadowy altar of Dithmenos.
 33138 | Swamp:2  | Noticed a thorn hunter
 33139 | Swamp:2  | 33139 ||| Stepping ~*~*~tactically~*~*~ (stealth).
 33141 | Swamp:2  | 33141 ||| Stepping ~*~*~tactically~*~*~ (hiding).
 33145 | Swamp:2  | 33145 ||| INVOKING Berserk.
 33150 | Swamp:2  | Killed a thorn hunter
 33297 | Swamp:2  | Noticed a thorn hunter
 33298 | Swamp:2  | 33298 ||| INVOKING Berserk.
 33316 | Swamp:2  | Killed a thorn hunter
 33433 | Swamp:2  | 33433 ||| READING scroll of enchant armour.
 33433 | Swamp:2  | 33433 ||| ENCHANTING +0 pair of boots.
 33596 | Swamp:2  | Reached skill level 21 in Fighting
 33661 | Swamp:2  | 33661 ||| INVOKING Berserk.
 33840 | Swamp:2  | 33840 ||| Stepping randomly (cloudy).
 33841 | Swamp:2  | 33841 ||| Stepping ~*~*~tactically~*~*~ (cloud).
 33854 | Swamp:2  | 33854 ||| Stepping ~*~*~tactically~*~*~ (cloud).
 33865 | Swamp:2  | HP: 41/167 [poison (poison gas)]
 34286 | Swamp:2  | 34286 ||| INVOKING Berserk.
 34587 | Swamp:3  | 34587 ||| INVOKING Berserk.
 34614 | Swamp:3  | 34614 ||| Stepping ~*~*~tactically~*~*~ (water).
 34755 | Swamp:3  | 34755 ||| INVOKING Berserk.
 34871 | Swamp:3  | Reached skill level 12 in Throwing
 34954 | Swamp:3  | 34954 ||| Stepping ~*~*~tactically~*~*~ (stealth).
 34963 | Swamp:3  | 34963 ||| Stepping ~*~*~tactically~*~*~ (stealth).
 34965 | Swamp:3  | 34965 ||| Stepping randomly (cloudy).
 34966 | Swamp:3  | 34966 ||| Stepping ~*~*~tactically~*~*~ (cloud).
 34967 | Swamp:3  | 34967 ||| Stepping ~*~*~tactically~*~*~ (cloud).
 34969 | Swamp:3  | 34969 ||| Stepping ~*~*~tactically~*~*~ (cloud).
 34975 | Swamp:3  | 34975 ||| DRINKING 2 potions of curing.
 34975 | Swamp:3  | 34975 ||| (to cure confusion)
 34981 | Swamp:3  | 34981 ||| DRINKING potion of curing.
 34981 | Swamp:3  | 34981 ||| (to cure confusion)
 35031 | Swamp:3  | 35031 ||| INVOKING Berserk.
 35047 | Swamp:3  | 35047 ||| Stepping ~*~*~tactically~*~*~ (stealth).
 35049 | Swamp:3  | 35049 ||| Stepping ~*~*~tactically~*~*~ (stealth).
 35053 | Swamp:3  | 35053 ||| Stepping ~*~*~tactically~*~*~ (stealth).
 35054 | Swamp:3  | 35054 ||| Stepping ~*~*~tactically~*~*~ (stealth).
 35055 | Swamp:3  | 35055 ||| Stepping ~*~*~tactically~*~*~ (stealth).
 35065 | Swamp:3  | 35065 ||| FLEEEEING.
 35066 | Swamp:3  | 35066 ||| FLEEEEING.
 35067 | Swamp:3  | 35067 ||| FLEEEEING.
 35068 | Swamp:3  | 35068 ||| FLEEEEING.
 35073 | Swamp:3  | 35073 ||| FLEEEEING.
 35074 | Swamp:3  | 35074 ||| SWAPPING to +1 morningstar of protection.
 35075 | Swamp:3  | 35075 ||| INVOKING Berserk.
 35085 | Swamp:3  | 35085 ||| SWAPPING to +0 vampiric war axe.
 35170 | Swamp:3  | Noticed Nikola
 35173 | Swamp:3  | 35173 ||| Stepping ~*~*~tactically~*~*~ (hiding).
 35175 | Swamp:3  | 35175 ||| INVOKING Berserk.
 35189 | Swamp:3  | Killed Nikola
 35491 | Swamp:3  | 35491 ||| SWAPPING to +1 morningstar of protection.
 35492 | Swamp:3  | 35492 ||| INVOKING Berserk.
 35527 | Swamp:3  | 35527 ||| SWAPPING to +0 vampiric war axe.
 35673 | Swamp:3  | 35673 ||| PLANNING SNAKE:1-3
 35673 | Swamp:3  | 35673 ||| UPGRADING to +0 cloak of poison resistance.
 35683 | Swamp:3  | 35683 ||| UPGRADING to +0 pair of gloves.
 35831 | Snake:1  | Entered Level 1 of the Snake Pit
 35869 | Snake:1  | 35869 ||| INVOKING Berserk.
 35909 | Snake:1  | HP: 41/167 [salamander/+2 halberd of venom (8)]
 35910 | Snake:1  | 35910 ||| READING 3 scrolls of teleportation.
 35910 | Snake:1  | HP: 16/167 [salamander/+2 halberd of venom (9)]
 35910 | Snake:1  | HP: 3/167 [salamander/+2 halberd of venom (13)]
 35911 | Snake:1  | 35911 ||| DRINKING potion of heal wounds.
 35915 | Snake:1  | HP: 24/167 [poisoned by a salamander]
 36328 | Snake:1  | 36328 ||| Stepping ~*~*~tactically~*~*~ (hiding).
 36329 | Snake:1  | 36329 ||| Stepping ~*~*~tactically~*~*~ (hiding).
 36334 | Snake:1  | 36334 ||| Stepping ~*~*~tactically~*~*~ (hiding).
 36444 | Snake:1  | Noticed Donald
 36451 | Snake:1  | 36451 ||| INVOKING Berserk.
 36462 | Snake:1  | Killed Donald
 36544 | Snake:1  | Found a runed translucent door.
 36544 | Snake:1  | Noticed qw's ghost (adept MiBe)
 37055 | Snake:1  | 37055 ||| Stepping ~*~*~tactically~*~*~ (hiding).
 37063 | Snake:1  | 37063 ||| Stepping ~*~*~tactically~*~*~ (hiding).
 37190 | Snake:1  | 37190 ||| Stepping ~*~*~tactically~*~*~ (hiding).
 37191 | Snake:1  | 37191 ||| Stepping ~*~*~tactically~*~*~ (hiding).
 37216 | Snake:1  | 37216 ||| Stepping ~*~*~tactically~*~*~ (hiding).
 37217 | Snake:1  | 37217 ||| Stepping ~*~*~tactically~*~*~ (hiding).
 37224 | Snake:1  | 37224 ||| INVOKING Berserk.
 37246 | Snake:1  | 37246 ||| Stepping ~*~*~tactically~*~*~ (stealth).
 37352 | Snake:1  | 37352 ||| Stepping ~*~*~tactically~*~*~ (stealth).
 37357 | Snake:1  | 37357 ||| INVOKING Berserk.
 37379 | Snake:1  | HP: 25/167 [nagaraja/poison arrow (29)]
 37380 | Snake:1  | 37380 ||| READING 2 scrolls of teleportation.
 37380 | Snake:1  | Succumbed to a nagaraja's poison arrow

Levels and vault maps discovered:
D:1:      spicycebolla_arrival_risky_transporter, layout_rooms,
          dreamdust_ecumenical_altar_drowned_temple, serial_shops,
          shop_fountains
D:2:      layout_rooms
D:3:      layout_loops_corners, minmay_door_square, uniq_sigmund
D:4:      layout_rooms, evilmike_ruin_ashenzari, chequers_serial_rivers_micro_d
D:5:      layout_loops_corners, serial_rivers, chequers_serial_rivers_large_b,
          chequers_serial_rivers_micro_a, chequers_serial_rivers_micro_e,
          chequers_serial_rivers_marsh, chequers_serial_rivers_room_a,
          chequers_serial_rivers_micro_a, minivault_24, grunt_ministairs_7,
          chequers_serial_rivers_room_a, minmay_stone_trees_small,
          abandoned_shop
D:6:      layout_loops_ring, serial_shops, shop_statue, minmay_crystal_room
D:7:      layout_basic, mainiacjoe_overflow_catwalk, minmay_temple_entry_fiery,
          grunt_ministairs_7
D:8:      layout_cave_pools, tgw_fedhas, gammafunk_ghost_abyssal_escape,
          chequers_big_river, minivault_26, uniq_maggie, uniq_erica
D:9:      layout_loops_cross, nzn_hepliaklqana_mist_gate, zin_angel,
          uniq_prince_ribbit1, uniq_grum
D:10:     layout_cave_pods, yredelemnul_altar_generic, enter_bailey_5,
          kennysheep_generic_room_5
D:11:     layout_irregular_city, dpeg_oklobed_lair, orc_0_dummy,
          gauntlet_entry_generic
D:12:     layout_grid_maze
D:13:     layout_rooms, hangedman_vaults_entry_quadrant_bands
D:14:     layout_basic, okawaru_gym_becter, minmay_quadrilaterals
D:15:     gammafunk_depths_entry_grave, layout_cave_pools,
          gammafunk_ghost_cemetery, grunt_decor_fettered, uniq_josephine
Lair:1:   layout_cave_pods, lemuel_fruit_tree
Lair:2:   layout_cave_pods, dummy_snake_entry
Lair:3:   layout_regular_city, palyth_hydra_swamp_entry,
          portal_ice_cave_entry_imps, pond, grunt_megastairs_1
Lair:4:   layout_cave_pods, chequers_serial_rivers_micro_e, grunt_megastairs_3,
          uniq_sonja
Lair:5:   hangedman_lair_caniforms_friends, layout_regular_city,
          guppyfry_lair_end_dragon, slime_entry_1, st_stairs_9,
          chequers_serial_rivers_small_3, infiniplex_staircase_pool_2
Swamp:1:  cheibrodos_swamp_tower_of_moss, layout_basic_swamp, serial_swamp_ruin,
          evilmike_swamp_ruin_house_5, evilmike_swamp_ruin_house_3, swamp_pool3,
          nicolae_swamp_snake_nest, uniq_kirke
Swamp:2:  nicolae_swamp_phyte_club, layout_basic_swamp, nicolae_swamp_godswood
Swamp:3:  layout_falls_marsh, evilmike_swamp_ruin_rubble_1, swamp_pool5,
          uniq_nikola
Snake:1:  layout_misc_corridors, ebering_ghost_inner_flame,
          nicolae_snake_magic_snake_eye, uniq_donald
Orc:1:    layout_caves
Orc:2:    grunt_orc_cross, layout_diamond_mine, serial_shops,
          nicolae_shop_overgrown_old_shop

Skill      XL: |  1  2  3  4  5  6  7  8  9 10 11 12 13 14 15 16 |
---------------+-------------------------------------------------+-----
Axes           | 4 5 6 7 8 10 12 14 16 | 16.0
Fighting       | 5 7 8 10 12 14 16 18 19 21 | 21.0
Armour         | 3 4 5 7 8 10 12 14 16 18 19 | 19.8
Throwing       | 1 5 7 9 10 11 12 | 12.0
Dodging        | 3 5 6 7 8 10 | 10.0

Action                   |  1- 3 |  4- 6 |  7- 9 | 10-12 | 13-15 | 16-18 || total
-------------------------+-------+-------+-------+-------+-------+-------++-------
Melee: Hand axe          |    69 |    46 |       |       |       |       ||   115
       Headbutt          |     8 |    10 |    36 |    85 |   212 |   114 ||   465
       Punch             |     1 |       |     1 |     5 |    17 |    11 ||    35
       War axe           |       |    50 |   185 |   408 |   854 |   427 ||  1924
       Morningstar       |       |       |       |       |     3 |    32 ||    35
Throw: Boomerang         |       |    25 |    45 |    66 |    17 |     7 ||   160
       Javelin           |       |       |       |    45 |   151 |    26 ||   222
Invok: Berserk           |     1 |     5 |     8 |    18 |    36 |    20 ||    88
       Brothers in Arms  |       |       |       |     2 |     9 |       ||    11
       Trog's Hand       |       |       |       |       |     7 |       ||     7
  Use: Scroll            |     3 |     9 |     6 |     8 |     6 |     4 ||    36
       Potion            |       |     1 |     1 |     1 |    12 |     4 ||    19
 Stab: Confused          |       |       |       |       |       |     1 ||     1
Armor: Animal skin       |     6 |       |       |       |       |       ||     6
       Plate armour      |    13 |    38 |    77 |   158 |   397 |   263 ||   946
Dodge: Dodged            |    34 |    21 |   114 |   202 |   512 |   286 ||  1169
Block: Other             |       |       |       |    34 |   180 |    83 ||   297
       Reflection        |       |       |       |     2 |    17 |     5 ||    24

Table legend:
 A = Non-vault XP
 B = Vault XP
 C = Vault XP percentage of total XP
 D = Non-vault monster count
 E = Vault monster count
 F = Vault count percentage of total count
                 A         B        C        D         E       F
            +---------+---------+-------+---------+---------+-------
      Total |  135881 |   74996 |  35.6 |     568 |     235 |  29.3
            +---------+---------+-------+---------+---------+-------
        D:1 |      37 |       1 |   2.6 |      21 |       1 |   4.5
        D:2 |     107 |       0 |   0.0 |      20 |       0 |   0.0
        D:3 |     130 |     223 |  63.2 |      19 |       1 |   5.0
        D:4 |     175 |       0 |   0.0 |      10 |       0 |   0.0
        D:5 |    1177 |       8 |   0.7 |      27 |       2 |   6.9
        D:6 |     587 |       0 |   0.0 |      11 |       0 |   0.0
        D:7 |    1162 |     231 |  16.6 |      27 |       2 |   6.9
        D:8 |    1289 |    1292 |  50.1 |      27 |       2 |   6.9
        D:9 |    2531 |     780 |  23.6 |      28 |       5 |  15.2
       D:10 |    2381 |     396 |  14.3 |      17 |       5 |  22.7
       D:11 |    3425 |     565 |  14.2 |       9 |       1 |  10.0
       D:12 |    5572 |       0 |   0.0 |      21 |       0 |   0.0
       D:13 |    8803 |    6126 |  41.0 |      22 |      16 |  42.1
       D:14 |   19918 |    4077 |  17.0 |      41 |       6 |  12.8
       D:15 |    9793 |    5826 |  37.3 |      16 |      12 |  42.9
     Lair:1 |    3160 |       0 |   0.0 |      15 |       0 |   0.0
     Lair:2 |    8734 |       0 |   0.0 |      31 |       0 |   0.0
     Lair:3 |    4461 |    4648 |  51.0 |      15 |      27 |  64.3
     Lair:4 |    7846 |    2052 |  20.7 |      23 |       6 |  20.7
     Lair:5 |    7841 |   12792 |  62.0 |      26 |      66 |  71.7
    Swamp:1 |   10506 |    6087 |  36.7 |      20 |      12 |  37.5
    Swamp:2 |    8930 |    6655 |  42.7 |      18 |       7 |  28.0
    Swamp:3 |   13451 |    2789 |  17.2 |      19 |       4 |  17.4
    Snake:1 |    6587 |    9070 |  57.9 |      15 |      12 |  44.4
      Orc:1 |    4424 |       0 |   0.0 |      26 |       0 |   0.0
      Orc:2 |    2854 |    7261 |  71.8 |      44 |      33 |  42.9
   Gauntlet |       0 |    4117 | 100.0 |       0 |      15 | 100.0
            +---------+---------+-------+---------+---------+-------
